Map: Neon Violet Square LE

Players

Ziggy

  • Race: Terran Terran
  • Spawn Location: 11:00

Light - Winner!

  • Race: Protoss Protoss
  • Spawn Location: 5:00

Event: IEM Season 12 - Katowice

VOD

Have the link to the VOD?

Description

Time

  • Played on: Feb. 27, 2018, 5:07 a.m.
  • Length: 18:13

All games in this series

Show
View Real Time Build Order
Export as new Build Order

Ziggy Terran 

Build Orders: Gas First Reaper Expand, Liberator Opening, Reaper Expand, Mech 

Get SALT Encoding   

  12  0:00  SCV  
  13  0:12  SCV  
  14  0:17  Supply Depot  
  14  0:24  SCV  
  15  0:30  Refinery  
  15  0:39  SCV  
  16  0:45  Barracks  
  16  0:51  SCV  
  17  1:03  SCV  
  18  1:15  SCV  
  19  1:32  Reaper, Orbital Command  
  20  1:49  Command Center  
  20  1:58  SCV  
  21  2:05  Factory  
  21  2:07  Barracks Reactor  
  21  2:11  SCV  
  22  2:15  Supply Depot  
  22  2:23  SCV  
  23  2:37  SCV  
  24  2:51  SCV  
  25  2:54  Hellion x2  
  29  3:02  Orbital Command  
  29  3:03  SCV  
  30  3:11  Command Center  
  30  3:15  SCV  
  30  3:16  Widow Mine  
  30  3:19  Widow Mine  
  35  3:26  Refinery  
  35  3:28  SCV  
  35  3:31  Starport  
  35  3:33  SCV  
  37  3:40  SCV  
  38  3:43  Cyclone  
  40  3:49  SCV  
  40  3:52  SCV  
  40  3:54  Marine  
  41  3:57  Liberator  
  41  4:01  SCV  
  40  4:05  SCV, Bunker  
  40  4:06  Refinery x2  
  40  4:08  Supply Depot  
  41  4:13  SCV  
  45  4:20  SCV  
  45  4:22  Factory Tech Lab  
  46  4:25  SCV  
  46  4:27  Orbital Command  
  47  4:32  SCV, Marine x2  
  47  4:37  SCV  
  51  4:41  Siege Tank  
  51  4:44  SCV  
  55  4:48  Supply Depot  
  55  4:49  SCV  
  56  4:58  Starport Tech Lab, Factory  
  56  5:01  SCV x2  
  56  5:03  SCV  
  59  5:13  SCV x2  
  59  5:14  Siege Tank  
  64  5:16  Factory  
  64  5:20  SCV  
  65  5:22  Refinery  
  65  5:23  Refinery  
  65  5:25  SCV  
  65  5:26  SCV  
  65  5:28  Engineering Bay, Raven  
  69  5:33  Supply Depot x2  
  69  5:37  SCV x2  
  69  5:38  SCV  
  72  5:43  Hellion x2  
  72  5:49  SCV  
  77  5:54  Supply Depot  
  77  5:55  Siege Tank  
  80  5:57  Missile Turret  
  80  6:00  Missile Turret  
  80  6:01  Missile Turret, SCV x2  
  82  6:06  Factory Tech Lab  
  82  6:07  Hellion  
  82  6:09  Hellion  
  82  6:10  SCV  
  87  6:13  SCV  
  88  6:19  Factory  
  88  6:20  SCV, Factory  
  88  6:21  Starport Reactor  
  89  6:26  Siege Tank  
  89  6:29  SCV x2  
  89  6:31  Supply Depot  
  94  6:37  Armory  
  94  6:39  Armory  
  94  6:42  Liberator  
  93  6:47  SCV x2  
  93  6:48  Liberator  
  93  6:51  Siege Tank  
  93  6:52  Cyclone  
  93  6:53  Cyclone  
  109  7:09  Factory Reactor  
  109  7:17  Command Center  
  109  7:22  Missile Turret  
  109  7:26  Missile Turret, Supply Depot, Hellion x2  
  109  7:29  Siege Tank  
  116  7:36  Infernal Pre-Igniter  
  112  7:37  Liberator  
  112  7:40  Terran Vehicle Weapons Level 1  
  112  7:42  Terran Vehicle And Ship Armor Level 1  
  112  7:45  Liberator  
  112  7:47  Hellion, Siege Tank  
  112  7:48  Hellion  
  119  7:51  Supply Depot  
  120  8:00  Hellion  
  123  8:11  Hellion  
  125  8:13  Cyclone, Hellion  
  125  8:16  Supply Depot  
  125  8:18  Siege Tank  
  128  8:20  Supply Depot, Liberator  
  128  8:24  SCV x2  
  130  8:31  Liberator  
  124  8:39  Siege Tank  
  133  8:59  Siege Tank x2  
  126  9:06  Cyclone  
  126  9:09  Hellion x3  
  135  9:12  Hellion  
  137  9:19  Liberator  
  137  9:21  Planetary Fortress  
  137  9:22  SCV  
  137  9:23  SCV x2  
  140  9:26  Refinery  
  140  9:27  Command Center  
  140  9:30  Hellion, Refinery  
  140  9:31  Hellion  
  147  9:39  Siege Tank  
  147  9:42  Cyclone  
  153  9:49  Siege Tank  
  153  9:51  Hellion  
  158  10:01  Siege Tank  
  158  10:02  Cyclone, Liberator  
  161  10:09  Terran Vehicle Weapons Level 2  
  161  10:15  Supply Depot  
  161  10:16  Supply Depot  
  156  10:21  Siege Tank  
  156  10:27  Siege Tank  
  159  10:41  Liberator  
  159  10:42  Siege Tank  
  162  10:43  Cyclone x2  
  162  10:45  Liberator  
  166  10:57  Hellion  
  166  10:58  Hellion x2  
  178  11:08  Siege Tank  
  181  11:23  Siege Tank x2  
  181  11:24  Hellion  
  181  11:25  Hellion x2  
  155  11:33  Cyclone  
  153  11:40  Cyclone  
  153  11:43  Missile Turret  
  156  11:53  Cyclone x2  
  158  11:55  Liberator x2  
  158  12:07  Siege Tank x2  
  164  12:11  Missile Turret  
  164  12:13  Terran Vehicle And Ship Armor Level 2  
  170  12:20  Siege Tank  
  170  12:24  Hellion x2  
  170  12:29  Planetary Fortress  
  168  12:38  Liberator x2  
  168  12:40  Hellion x2  
  168  12:41  Sensor Tower  
  172  12:45  Siege Tank  
  175  12:59  Hellion  
  175  13:08  Cyclone x2  
  178  13:23  Starport  
  178  13:25  Fusion Core  
  178  13:36  Cyclone x3  
  187  13:50  Cyclone x2, Siege Tank  
  193  13:58  Cyclone  
  196  14:08  Cyclone  
  181  14:10  Siege Tank  
  181  14:15  Refinery  
  181  14:16  Refinery  
  186  14:17  Hellion  
  186  14:22  Hellion x2  
  186  14:23  Siege Tank  
  193  14:30  Siege Tank  
  190  14:32  Terran Vehicle Weapons Level 3  
  190  14:35  Liberator x2  
  190  14:45  Siege Tank  
  197  14:55  Siege Tank  
  200  15:03  Siege Tank  
  200  15:04  Hellion  
  198  15:09  Starport Tech Lab  
  198  15:17  Liberator  
  195  15:24  Liberator x2  
  195  15:25  Cyclone  
  197  15:48  Advanced Ballistics  
  197  16:04  Cyclone  
  197  16:16  Cyclone x2  
  169  16:18  Hellion  
  169  16:24  Hellion  
  158  16:29  Liberator x2  
  158  16:31  Liberator  
  158  16:33  Siege Tank x2  
  173  17:11  Liberator x2  
  173  17:14  Cyclone x2  
  128  17:24  SCV  
  128  17:25  SCV  
  117  17:40  Cyclone  
Show
View Real Time Build Order
Export as new Build Order

Light Protoss - Winner!

Build Orders: 1 Gate Expand, Blink Stalkers 

Get SALT Encoding   

  12  0:00  Probe  
  13  0:12  Probe  
  14  0:18  Pylon  
  14  0:24  Probe  
  15  0:36  Probe (Chrono Boost)  
  15  0:39  Gateway  
  16  0:45  Probe (Chrono Boost)  
  16  0:49  Assimilator  
  17  0:50  Probe (Chrono Boost)  
  18  1:03  Probe  
  19  1:15  Probe  
  20  1:28  Nexus  
  20  1:32  Probe  
  21  1:43  Cybernetics Core  
  21  1:47  Probe  
  22  1:55  Pylon  
  22  2:00  Assimilator  
  22  2:04  Probe  
  23  2:10  Stalker  
  23  2:16  Probe (Chrono Boost)  
  23  2:20  Warp Gate  
  26  2:27  Probe (Chrono Boost)  
  27  2:31  Twilight Council  
  27  2:33  Probe (Chrono Boost)  
  28  2:39  Probe  
  29  2:44  Probe  
  29  2:49  Stalker (Chrono Boost)  
  32  2:52  Probe  
  32  2:57  Probe  
  34  3:04  Probe  
  34  3:05  Pylon  
  35  3:12  Probe  
  36  3:15  Stalker (Chrono Boost)  
  36  3:16  Blink (Chrono Boost)  
  38  3:23  Shield Battery  
  38  3:26  Probe  
  39  3:33  Probe  
  40  3:36  Stalker (Chrono Boost)  
  40  3:39  Probe  
  43  3:45  Probe  
  44  3:54  Gateway  
  44  3:55  Gateway  
  44  4:02  Probe x2  
  44  4:08  Robotics Facility  
  44  4:13  Assimilator  
  44  4:14  Probe x2  
  46  4:18  Pylon  
  46  4:24  Assimilator  
  46  4:26  Probe, Stalker  
  46  4:27  Probe  
  50  4:38  Probe  
  50  4:40  Probe  
  52  4:51  Probe  
  52  4:52  Probe  
  54  4:54  Stalker x3  
  54  4:58  Robotics Bay  
  54  4:59  Observer (Chrono Boost)  
  61  5:03  Probe, Pylon  
  62  5:13  Pylon  
  62  5:21  Probe x2  
  62  5:22  Observer (Chrono Boost)  
  62  5:26  Nexus  
  65  5:33  Probe x2  
  66  5:35  Gateway  
  66  5:41  Gateway  
  66  5:42  Observer (Chrono Boost)  
  67  5:46  Probe  
  68  5:51  Gateway  
  68  5:53  Probe, Disruptor (Chrono Boost)  
  72  6:09  Stalker x3  
  78  6:14  Pylon  
  78  6:19  Pylon  
  78  6:23  Observer  
  78  6:32  Probe x2, Disruptor (Chrono Boost)  
  83  6:39  Pylon  
  83  6:44  Probe x2  
  83  6:47  Probe  
  86  6:51  Gateway  
  86  6:53  Gateway  
  86  6:55  Pylon  
  86  6:56  Disruptor (Chrono Boost)  
  86  6:57  Probe x2  
  86  6:59  Probe  
  92  7:03  Stalker  
  92  7:04  Stalker  
  96  7:19  Disruptor (Chrono Boost)  
  96  7:22  Probe x3  
  102  7:23  Stalker x4  
  110  7:34  Probe  
  111  7:39  Stalker  
  111  7:40  Stalker  
  115  7:44  Probe  
  115  7:45  Disruptor (Chrono Boost)  
  115  7:50  Pylon, Stalker x2  
  123  7:51  Forge  
  123  7:54  Pylon  
  123  8:03  Nexus  
  123  8:05  Pylon  
  123  8:08  Pylon  
  123  8:13  Charge (Chrono Boost)  
  123  8:14  Pylon, Protoss Ground Armor Level 1 (Chrono Boost)  
  123  8:16  Pylon  
  123  8:18  Disruptor (Chrono Boost)  
  120  8:20  Observer  
  123  8:46  Stalker x6  
  123  8:47  Disruptor (Chrono Boost)  
  137  8:49  Shield Battery, Assimilator  
  137  8:52  Shield Battery  
  137  8:55  Observer, Assimilator  
  133  9:08  Zealot  
  133  9:09  Zealot x7  
  149  9:20  Observer (Chrono Boost)  
  149  9:21  Probe x3  
  149  9:23  Probe  
  154  9:25  Photon Cannon  
  154  9:33  Probe  
  154  9:34  Warp Prism  
  157  9:42  Zealot, Forge  
  157  9:43  Adept x7  
  157  9:45  Probe  
  174  10:03  Protoss Ground Armor Level 2 (Chrono Boost)  
  174  10:04  Stalker  
  174  10:05  Stalker x5  
  174  10:06  Probe x2  
  178  10:35  Disruptor  
  173  10:38  Zealot x7  
  183  10:51  Stalker  
  183  10:54  Protoss Ground Weapons Level 1 (Chrono Boost)  
  183  10:55  Gateway  
  183  10:56  Gateway  
  185  10:58  Gateway  
  185  11:04  Pylon  
  185  11:05  Pylon  
  185  11:07  Zealot  
  187  11:16  Nexus  
  187  11:18  Pylon  
  181  11:23  Zealot  
  181  11:24  Adept x3, Zealot x2  
  142  11:38  Stalker  
  142  11:39  Stalker  
  141  11:51  Adept x3  
  141  11:52  Stalker x2  
  141  11:53  Stalker  
  147  12:02  Protoss Ground Armor Level 3 (Chrono Boost)  
  147  12:05  Adept x2  
  147  12:06  Probe x2  
  144  12:12  Robotics Facility  
  144  12:14  Gateway  
  144  12:15  Stalker, Gateway  
  144  12:16  Zealot, Stalker x2  
  144  12:17  Zealot x2, Gateway  
  152  12:30  Protoss Ground Weapons Level 2 (Chrono Boost)  
  152  12:37  Adept  
  152  12:38  Adept x2, Stalker  
  152  12:39  Stalker x5  
  152  12:41  Templar Archives  
  170  12:56  Adept x2  
  170  12:58  Probe  
  169  13:15  Adept x3  
  171  13:31  Adept x3  
  171  13:33  Zealot  
  173  13:34  Zealot x4  
  173  13:37  High Templar x2  
  185  13:45  Adept  
  185  13:46  Archon  
  179  13:57  Adept x3  
  165  14:12  Adept x2  
  165  14:13  Zealot  
  165  14:14  Zealot x5  
  165  14:15  Immortal (Chrono Boost), Photon Cannon  
  165  14:16  Immortal (Chrono Boost)  
  187  14:18  Photon Cannon  
  187  14:20  Shield Battery  
  187  14:22  Protoss Shields Level 1 (Chrono Boost)  
  185  14:28  Adept x2  
  183  14:36  Protoss Ground Weapons Level 3 (Chrono Boost)  
  183  14:44  Immortal x2 (Chrono Boost)  
  183  14:45  Adept x2  
  175  14:47  High Templar x4  
  191  14:54  Archon x2  
  191  15:06  Zealot x8  
  199  15:15  Warp Prism  
  199  15:16  Adept  
  199  15:27  Adept  
  199  15:40  Assimilator  
  199  15:43  Assimilator  
  197  15:52  Adept x2  
  196  16:18  Zealot x6  
  170  16:19  Zealot x8  
  170  16:23  Immortal x2  
  180  16:42  Adept  
  180  16:43  Adept x3  
  180  16:44  Zealot x5  
  180  16:45  Zealot  
  197  17:15  Stalker x4  
  166  17:16  Zealot x6  
  166  17:17  Zealot  
  138  17:33  Stalker x3  
  144  17:38  Stalker x8  
  144  17:39  Stalker x3  
  137  18:09  Zealot x13  
  137  18:10  Zealot  

Tags
 
Add a new tag
Caveats
  • Supply blocks, unpowered buildings, or Contaminate may cause inaccurate times.
  • Supply counts are checked every 10 seconds.